 Dungeon Crawl Stone Soup version 0.22-a0-542-gce4f928 (webtiles) character file.

53929 kae the Fencer (level 14, -2/127 HPs)
             Began as a Minotaur Fighter on June 25, 2018.
             Was a High Priest of Makhleb.
             Killed by divine providence
             ... invoked by a sphinx
             ... summoned by Kirke
              (14 damage)
             ... on level 12 of the Dungeon.
             The game lasted 00:26:34 (20487 turns).

kae the Fencer (Minotaur Fighter)                  Turns: 20487, Time: 00:26:35

Health: -2/127     AC:  0    Str: 25    XL:     14   Next: 32%
Magic:  19/19      EV: 20    Int:  6    God:    Makhleb [*****.]
Gold:   1476       SH:  0    Dex: 10    Spells: 13/13 levels left

rFire    . . .     SeeInvis .   (weapon currently unavailable)
rCold    . . .     Gourm    .   (shield currently unavailable)
rNeg     . . .     Faith    .   (armour currently unavailable)
rPois    .         Spirit   .   (helmet currently unavailable)
rElec    .         Reflect  .   (cloak currently unavailable)
rCorr    .         Harm     .   (gloves currently unavailable)
MR       +....                  (boots currently unavailable)
Stlth    +.........             (no amulet)
HPRegen  0.31/turn              (ring currently unavailable)
MPRegen  0.16/turn              (ring currently unavailable)

@: pig-form, slowed
A: small, (retaliatory headbutt)
a: Minor Destruction, Lesser Servant of Makhleb, Major Destruction, Greater
Servant of Makhleb, Renounce Religion


You were on level 12 of the Dungeon.
You worshipped Makhleb.
Makhleb was extremely pleased with you.
You were hungry.
You were a filthy swine.
You visited 3 branches of the dungeon, and saw 19 of its levels.
You also visited: Sewer.

You collected 1476 gold pieces.

Inventory:

Hand Weapons
 a - a +1 long sword
 J - a +5 great sword of protection (melded)
Armour
 r - a +2 pair of gloves (melded)
 v - a +0 plate armour
 B - a +2 shield
 L - the +2 ring mail "Huuqanax" (melded) {Str+3}
   (You found it on level 3 of the Lair of Beasts)

   It affects your strength (+3).
Jewellery
 t - a ring of positive energy (melded)
 u - an uncursed ring of stealth {unknown}
 G - an uncursed amulet of faith
 I - a ring of poison resistance (melded)
 M - a +2 ring of dexterity
Wands
 b - a wand of clouds (7)
 c - a wand of acid (4)
 e - a wand of random effects (13)
 h - a wand of digging (34)
 s - a wand of enslavement (20)
 C - a wand of polymorph (8)
 D - a wand of iceblast (13)
 F - a wand of paralysis (11)
Scrolls
 g - 13 scrolls of remove curse
 m - 3 scrolls of teleportation
 n - 6 scrolls of magic mapping
 w - 2 scrolls of fear
 x - 2 scrolls of enchant armour
 y - a scroll of identify
 E - 3 scrolls of amnesia
 H - a scroll of fog
 S - 3 scrolls of enchant weapon
Potions
 d - a potion of haste
 i - 4 potions of heal wounds
 j - a potion of resistance
 k - 7 potions of curing
 l - 7 potions of flight
 o - 2 potions of cancellation
 p - 3 potions of magic
 q - 2 potions of mutation
 z - a potion of might
 K - 2 potions of invisibility
 P - 2 potions of ambrosia
Comestibles
 f - 32 rations


   Skills:
 + Level 12.9 Fighting
 * Level 17.0 Long Blades
 + Level 13.0 Armour
 + Level 11.6 Dodging
 - Level 3.6 Shields
 + Level 9.2 Invocations


You had 13 spell levels left.
You didn't know any spells.
Your spell library contained the following spells:

 Spells                   Type           Power        Failure   Level  Hunger
 Conjure Flame            Conj/Fire      #.......     83%         3    ####...
 Bolt of Magma            Conj/Fire/Erth #.........   100%        5    ######.
 Confuse                  Hex            #.......     83%         3    ####...
 Throw Frost              Conj/Ice       #.....       58%         2    ###....
 Freezing Cloud           Conj/Ice/Air   #.........   100%        6    #######
 Mephitic Cloud           Conj/Pois/Air  #.......     83%         3    ####...
 Ring of Flames           Chrm/Fire      #.........   100%        7    #######
 Venom Bolt               Conj/Pois      #.........   100%        5    ######.
 Freeze                   Ice            #...         45%         1    ##.....
 Summon Ice Beast         Ice/Summ       #.......     99%         4    #####..
 Ozocubu's Armour         Chrm/Ice       #.......     83%         3    ####...
 Iron Shot                Conj/Erth      #.........   100%        6    #######
 Spider Form              Tmut/Pois      #.........   83%         3    ####...
 Blade Hands              Tmut           #.........   100%        5    ######.
 Ice Form                 Ice/Tmut       #.......     99%         4    #####..
 Throw Icicle             Conj/Ice       #.......     99%         4    #####..
 Confusing Touch          Hex            #.....       45%         1    ##.....
 Sticks to Snakes         Tmut           #.......     58%         2    ###....
 Metabolic Englaciation   Hex/Ice        #.........   100%        5    ######.
 Petrify                  Tmut/Erth      #.......     99%         4    #####..
 Orb of Destruction       Conj           #.........   100%        7    #######
 Beastly Appendage        Tmut           #.....       45%         1    ##.....
 Iskenderun's Battlesphe  Conj/Chrm      #.......     100%        5    ######.
 Spellforged Servitor     Conj/Summ      #.........   100%        7    #######
 Gell's Gravitas          Tloc           #.........   83%         3    ####...
 Yara's Violent Unravell  Hex/Tmut       #.........   100%        5    ######.
 Poisonous Vapours        Pois/Air       #.....       58%         2    ###....


Dungeon Overview and Level Annotations

Branches:
Dungeon (12/15)            Temple (1/1) D:7            Lair (6/6) D:9
  Swamp (0/4) Lair:3        Snake (0/4) Lair:2        Slime (0/5) Lair:6
    Orc (0/2) D:9

Altars:
Ashenzari
Cheibriados
Dithmenos
Elyvilon
Fedhas
Gozag
Hepliaklqana
Kikubaaqudgha
Makhleb
Nemelex Xobeh
Okawaru
Qazlal
Ru
Sif Muna
Trog
Uskayaw
Vehumet
Wu Jian
Xom
Yredelemnul
Zin
The Shining One

Shops:
D:3 *

Annotations:
D:4 exclusion: statue
D:11 exclusion: ice statue
D:12 Kirke
Lair:6 1 exclusion


Innate Abilities, Weirdness & Mutations

((You reflexively headbutt those who attack you in melee.))
((You have a pair of horns on your head.))


Message History

You are too injured to fight recklessly!
Okay, then.
The sphinx completely misses you. The sphinx closely misses you.
The sphinx hits you!
* * * LOW HITPOINT WARNING * * *
The sphinx misses you. The sphinx completely misses you.
The sphinx barely misses you.
As you read the scroll of fear, it crumbles to dust.
You assume a fearsome visage.
Kirke looks frightened!
The sphinx resists with almost no effort.
The hog looks frightened!
The sphinx hits you!
* * * LOW HITPOINT WARNING * * *
The sphinx barely misses you. The sphinx hits you!
* * * LOW HITPOINT WARNING * * *
Kirke casts a spell.
Kirke flickers and vanishes!
Deactivating autopickup; reactivate with Ctrl-A.
The sphinx casts a spell.
Something smites you!
You die...

#################################
................h................
.#..##..##..#.....{.†.##......#..
..................H..............
.##########'#########h.......##'#
.#...............#..#..#####.#...
.#.....(...((.)..#..'..#####.#...
.#########(##########........####
.....................###'#######.
................##...'.........'.


You could see a sphinx and a hog (fleeing).

Vanquished Creatures
  Nessos (Lair:5)
  A dire elephant (Lair:6)
  Josephine (Lair:4)
  Harold (Lair:3)
  A hydra (Lair:5)
  2 catoblepae (Lair:6)
  2 two-headed ogres
  14 death yaks
  A deep troll shaman (Lair:6)
  Urug (Lair:2)
  2 ugly things
  A cyclops (D:11)
  A centaur zombie (D:10)
  14 elephants (Lair:6)
  Joseph (D:9)
  4 black mambas
  8 spiny frogs
  A torpor snail (Lair:5)
  2 kobold demonologists (D:12)
  3 rime drakes
  6 komodo dragons
  3 trolls
  4 polar bears
  Grinder (D:4)
  12 blink frogs
  6 dream sheep (Lair:6)
  5 slime creatures
  Prince Ribbit (D:6)
  6 hippogriffs
  A water elemental (D:11)
  2 wyverns
  17 yaks
  6 hogs (D:12)
  4 basilisks
  4 wraiths (Lair:4)
  A steam dragon (D:10)
  A hungry ghost (D:8)
  13 water moccasins
  2 porcupines
  19 ice beasts
  A sky beast (D:11)
  11 orc warriors
  A phantom (D:4)
  A necrophage (D:11)
  A black bear (D:6)
  5 ogres
  9 centaurs
  11 wolves
  10 crocodiles
  4 big kobolds
  10 bullfrogs
  6 scorpions
  8 wights
  A howler monkey (D:7)
  10 electric eels
  3 lava snakes
  5 crimson imps
  14 hounds
  A quasit (D:7)
  2 bullfrog zombies (D:7)
  A centaur skeleton (D:11)
  11 orc priests
  16 orc wizards
  A bullfrog skeleton (D:12)
  4 jellies
  6 iguanas
  Natasha (thrice) (D:3)
  3 worker ants
  A killer bee zombie (D:8)
  A hound zombie (D:9)
  A hound skeleton (D:11)
  7 gnolls (D:3)
  A river rat (Sewer)
  16 adders
  2 shadow imps
  2 oozes (D:2)
  An adder skeleton (D:7)
  4 worms
  5 dart slugs
  5 leopard geckos
  54 orcs
  6 giant cockroaches
  8 hobgoblins
  20 jackals
  22 kobolds
  2 quokkas
  A ball python (D:2)
  14 bats
  4 frilled lizards
  15 goblins
  A quokka zombie (D:9)
  8 rats
  A fungus (Lair:5)
537 creatures vanquished.

Vanquished Creatures (collateral kills)
  A death yak (Lair:3)
  2 elephants (Lair:6)
  A hippogriff (Lair:6)
  A yak (Lair:3)
  A basilisk (Lair:6)
  A crocodile (Lair:6)
7 creatures vanquished.

Vanquished Creatures (others)
  A bush (Lair:3)
  20 fungi
  23 plants
44 creatures vanquished.

Grand Total: 588 creatures vanquished

Notes
Turn   | Place    | Note
-------+----------+-------------------------------------------
     0 | D:1      | kae the Minotaur Fighter began the quest for the Orb.
     0 | D:1      | Reached XP level 1. HP: 19/19 MP: 0/0
   304 | D:1      | Reached XP level 2. HP: 16/27 MP: 1/1
   489 | D:1      | Reached skill level 3 in Long Blades
   525 | D:1      | Reached skill level 1 in Dodging
   595 | D:1      | Reached XP level 3. HP: 33/33 MP: 2/2
  1373 | D:2      | Found a sacrificial altar of Ru.
  1393 | D:2      | Reached XP level 4. HP: 40/40 MP: 3/3
  1492 | D:2      | Reached skill level 4 in Long Blades
  1572 | D:2      | Found a snail-covered altar of Cheibriados.
  1673 | D:2      | Reached XP level 5. HP: 22/47 MP: 4/4
  1984 | D:3      | Found an opulent altar of Gozag.
  1984 | D:3      | Found Gozag's Platinum Reserve.
  2264 | D:3      | Noticed Natasha
  2267 | D:3      | Killed Natasha
  2267 | D:3      | Reached skill level 5 in Long Blades
  2294 | D:3      | Reached XP level 6. HP: 55/55 MP: 5/5
  2326 | D:3      | Noticed Natasha
  2333 | D:3      | Killed Natasha
  2388 | D:3      | Reached skill level 5 in Fighting
  2392 | D:3      | Reached skill level 5 in Armour
  3023 | D:3      | Noticed Natasha
  3038 | D:3      | Killed Natasha
  3199 | D:4      | Reached skill level 6 in Long Blades
  3243 | D:4      | Noticed Grinder
  3246 | D:4      | Paralysed by Grinder for 4 turns
  3254 | D:4      | Killed Grinder
  3254 | D:4      | Reached XP level 7. HP: 62/62 MP: 6/6
  3281 | D:4      | Found a glowing drain.
  3307 | Sewer    | Entered a sewer
  3466 | Sewer    | Found a white marble altar of Elyvilon.
  3528 | D:4      | Reached skill level 7 in Long Blades
  3686 | D:4      | Reached XP level 8. HP: 60/70 MP: 7/7
  3963 | D:4      | Found a radiant altar of Vehumet.
  4156 | D:4      | Reached skill level 8 in Long Blades
  4320 | D:5      | Entered Level 5 of the Dungeon
  4652 | D:5      | Reached skill level 5 in Dodging
  4697 | D:5      | Found a glowing silver altar of Zin.
  4916 | D:6      | Noticed Prince Ribbit
  4929 | D:6      | Killed Prince Ribbit
  4929 | D:6      | Reached skill level 9 in Long Blades
  5443 | D:6      | Reached XP level 9. HP: 78/79 MP: 8/8
  6120 | D:7      | Found a staircase to the Ecumenical Temple.
  6141 | D:7      | Found a burning altar of Makhleb.
  6176 | Temple   | Entered the Ecumenical Temple
  6416 | D:7      | Became a worshipper of Makhleb the Destroyer
  6428 | D:7      | Found a stormy altar of Qazlal.
  6598 | D:7      | Reached skill level 1 in Invocations
  6788 | D:7      | Reached skill level 10 in Long Blades
  7093 | D:8      | Noticed a two-headed ogre
  7107 | D:8      | Killed a two-headed ogre
  7173 | D:8      | Found a sacrificial altar of Ru.
  7179 | D:8      | Reached XP level 10. HP: 90/90 MP: 10/10
  7775 | D:8      | Reached skill level 11 in Long Blades
  8202 | D:9      | Reached * piety under Makhleb
  8336 | D:9      | Noticed Joseph
  8366 | D:9      | Killed Joseph
  8454 | D:9      | Found a staircase to the Lair.
  8645 | D:9      | Found a staircase to the Orcish Mines.
  8786 | D:9      | Noticed a hand axe
  8786 | D:9      | Noticed a hand axe
  8788 | D:9      | Found a hide-covered altar of Uskayaw.
  8990 | D:10     | Entered Level 10 of the Dungeon
  9036 | D:10     | Reached ** piety under Makhleb
  9358 | D:10     | Reached skill level 12 in Long Blades
  9981 | Lair:1   | Entered Level 1 of the Lair of Beasts
 10037 | Lair:1   | Reached XP level 11. HP: 97/97 MP: 13/13
 11183 | Lair:2   | Found a labyrinth entrance.
 11210 | Lair:2   | Reached skill level 5 in Invocations
 11373 | Lair:2   | Noticed Urug
 11387 | Lair:2   | Killed Urug
 11387 | Lair:2   | Reached *** piety under Makhleb
 11387 | Lair:2   | Reached skill level 10 in Fighting
 11387 | Lair:2   | Reached skill level 13 in Long Blades
 11387 | Lair:2   | Reached skill level 10 in Armour
 11907 | Lair:2   | Found a staircase to the Snake Pit.
 12551 | Lair:3   | Noticed Harold
 12686 | Lair:3   | Noticed a death yak
 12686 | Lair:3   | Noticed a death yak
 12707 | Lair:3   | Killed a death yak
 12718 | Lair:3   | Killed a death yak
 12918 | Lair:3   | Noticed a death yak
 12919 | Lair:3   | Noticed a death yak
 12930 | Lair:3   | Noticed a death yak
 12935 | Lair:3   | Noticed a death yak
 12940 | Lair:3   | Killed a death yak
 12964 | Lair:3   | Killed a death yak
 12964 | Lair:3   | Reached XP level 12. HP: 83/108 MP: 15/15
 12978 | Lair:3   | Killed a death yak
 13000 | Lair:3   | Killed a death yak
 13000 | Lair:3   | Reached skill level 14 in Long Blades
 13248 | Lair:3   | Found a staircase to the Swamp.
 13465 | Lair:3   | Got a warped ring mail
 13467 | Lair:3   | Identified a scroll of acquirement
 13488 | Lair:3   | Identified the +2 ring mail "Huuqanax" {Str+3} (You found it on level 3 of the Lair of Beasts)
 13710 | Lair:3   | Killed Harold
 14413 | Lair:4   | Noticed Josephine
 14424 | Lair:4   | Killed Josephine
 14882 | Lair:5   | Noticed Nessos
 15265 | Lair:5   | Reached skill level 10 in Dodging
 15907 | Lair:5   | Noticed a seven-headed hydra
 15919 | Lair:5   | Killed a seven-headed hydra
 16052 | Lair:5   | Reached skill level 15 in Long Blades
 16225 | Lair:5   | Killed Nessos
 16461 | Lair:6   | Entered Level 6 of the Lair of Beasts
 16621 | Lair:6   | Reached XP level 13. HP: 114/116 MP: 17/17
 16639 | Lair:6   | Reached **** piety under Makhleb
 17229 | Lair:6   | Found a staircase to the Slime Pits.
 17334 | Lair:6   | Reached skill level 16 in Long Blades
 17820 | Lair:6   | Noticed a dire elephant
 17838 | Lair:6   | Killed a dire elephant
 17852 | Lair:6   | Reached XP level 14. HP: 124/127 MP: 19/19
 17857 | Lair:6   | Reached ***** piety under Makhleb
 19924 | D:12     | Reached skill level 17 in Long Blades
 20469 | D:12     | Noticed Kirke
 20482 | D:12     | Noticed a sphinx
 20487 | D:12     | Killed from afar by a sphinx

Vault maps used:
D:1:      dpeg_arrival_line_fractal, serial_bayou_pond_e, minmay_split_cup_large
D:2:      overflow_temple_1_default, old_standard_altar,
          kennysheep_generic_room_16
D:3:      nicolae_gozag_zags_fifth_avenue, first_ration, uniq_natasha
D:4:      vehumet_statue, gup_sewer_entry_glass, uniq_grinder
D:5:      zin_treasury
D:6:      uniq_prince_ribbit1
D:7:      kennysheep_little_box, bloody_makhleb, temple_hall,
          nicolae_lava_and_water
D:8:      basic_altar
D:9:      dancing_weapons_uskayaw, erik_lair_island, orc_0_dummy, uniq_joseph
D:10:     grunt_pizzeria, kennysheep_generic_room_7
D:11:     minmay_twisted_water, billiards_dpeg
D:12:     uniq_kirke
Temple:   dpeg_chambers_temple
Lair:1:   st_stairs_13
Lair:2:   dummy_snake_entry, lab_entry_generic, grunt_megastairs_3,
          infiniplex_staircase_pool_2, uniq_urug
Lair:3:   swamp_mist, uniq_harold
Lair:4:   uniq_josephine
Lair:5:   disabler_island, uniq_nessos
Lair:6:   grunt_lair_end_beastmaster, minmay_slime_entry_pillars,
          kennysheep_basilisk_garden
Sewer:    sewer_kobolds

Skill      XL: |  1  2  3  4  5  6  7  8  9 10 11 12 13 14 |
---------------+-------------------------------------------+-----
Long Blades    | 3 4 5 6 7 9 10 12 13 15 16 17 | 17.0
Dodging        | 1 2 3 4 5 6 8 9 10 11 | 11.6
Armour         | 4 5 6 7 8 9 10 11 12 13 | 13.0
Fighting       | 4 5 6 7 8 9 10 11 12 | 12.9
Invocations    | 2 4 6 7 8 9 |  9.2
Shields        | |  3.6

Action                   |  1- 3 |  4- 6 |  7- 9 | 10-12 | 13-15 || total
-------------------------+-------+-------+-------+-------+-------++-------
Melee: Long sword        |    97 |   174 |   321 |   653 |       ||  1245
       Headbutt          |    16 |    31 |    81 |   184 |   109 ||   421
       Great sword       |       |       |       |   125 |   448 ||   573
       Unarmed           |       |       |       |       |     3 ||     3
Invok: Minor Destruction |       |       |       |    55 |     9 ||    64
       Lesser Servant of |       |       |       |     3 |     4 ||     7
Evoke: Wand              |       |       |    11 |    15 |     2 ||    28
  Use: Scroll            |     1 |     7 |     9 |    10 |    14 ||    41
       Potion            |       |     6 |     1 |     6 |     4 ||    17
 Stab: Petrified         |       |       |       |       |     7 ||     7
       Petrifying        |       |       |       |       |     1 ||     1
       Distracted        |       |       |       |       |     1 ||     1
  Eat: Chunk             |     1 |     6 |    13 |    27 |     9 ||    56
       Ration            |       |       |     1 |     1 |     1 ||     3
Armor: Scale mail        |    49 |    62 |    54 |       |       ||   165
       Plate armour      |       |       |    57 |   211 |       ||   268
       Skin              |       |       |       |    21 |       ||    21
       Ring mail         |       |       |       |    58 |   134 ||   192
Dodge: Dodged            |    40 |    65 |    77 |   220 |   292 ||   694
Block: Shield            |    52 |    81 |   145 |   274 |       ||   552
       Rpst.: Long sword |    12 |    13 |    24 |    41 |       ||    90
       Great sword       |       |       |       |    21 |    52 ||    73

Table legend:
 A = Spawn XP
 B = Non-spawn XP
 C = Spawn XP percentage of total XP
 D = Spawn monster count
 E = Non-spawn monster count
 F = Spawn count percentage of total count
 G = Total turns spent on level
                    A         B        C        D         E        F      G
               +---------+---------+-------+---------+---------+-------+---------
         Total |       0 |   77042 |   0.0 |       0 |     543 |   0.0 | 20487
               +---------+---------+-------+---------+---------+-------+---------
           D:1 |       0 |      61 |   0.0 |       0 |      33 |   0.0 |  1075
           D:2 |       0 |     190 |   0.0 |       0 |      32 |   0.0 |   830
           D:3 |       0 |     435 |   0.0 |       0 |      47 |   0.0 |  1259
           D:4 |       0 |    1033 |   0.0 |       0 |      37 |   0.0 |   952
           D:5 |       0 |     490 |   0.0 |       0 |       9 |   0.0 |   596
           D:6 |       0 |     679 |   0.0 |       0 |      11 |   0.0 |   890
           D:7 |       0 |    1044 |   0.0 |       0 |      15 |   0.0 |  1060
           D:8 |       0 |    2222 |   0.0 |       0 |      30 |   0.0 |  1096
           D:9 |       0 |    2385 |   0.0 |       0 |      29 |   0.0 |   845
          D:10 |       0 |    1904 |   0.0 |       0 |      25 |   0.0 |  1442
          D:11 |       0 |    7689 |   0.0 |       0 |      66 |   0.0 |  1001
          D:12 |       0 |    4221 |   0.0 |       0 |      40 |   0.0 |   872
        Lair:1 |       0 |    1897 |   0.0 |       0 |      13 |   0.0 |  1015
        Lair:2 |       0 |    4654 |   0.0 |       0 |      16 |   0.0 |  1380
        Lair:3 |       0 |   10707 |   0.0 |       0 |      28 |   0.0 |  1804
        Lair:4 |       0 |    2744 |   0.0 |       0 |      11 |   0.0 |   716
        Lair:5 |       0 |    6115 |   0.0 |       0 |      23 |   0.0 |  1717
        Lair:6 |       0 |   28449 |   0.0 |       0 |      69 |   0.0 |  1520
         Sewer |       0 |     123 |   0.0 |       0 |       9 |   0.0 |   204
               +---------+---------+-------+---------+---------+-------+---------
